[ AOE2 MATCH · #506230057 ]
UnrankedGoths vs Bohemians
Player's team · WIN
Rival team · LOSS
[ REPLAY ANALYSIS · EXTRACTED FROM THE RECORDED GAME ]
Feudal
11:18
Castle
23:15
Imperial
—
| APM avg | 79.8 |
| APM peak | 122 |
| eAPM avg | 40.6 |
| Villagers / military | 123 / 63 |
Focus
⚔️ 57.7% · 🌾 42.3%
Skirmisher ×38 · Mangonel ×10 · Militia ×8 · Spearman ×6 · Monk ×1
Feudal
9:36
Castle
21:44
Imperial
—
| APM avg | 77.7 |
| APM peak | 119 |
| eAPM avg | 38.0 |
| Villagers / military | 85 / 105 |
Focus
⚔️ 59.5% · 🌾 40.5%
Archer ×77 · Mangonel ×11 · Hand Cannoneer ×10 · Scout Cavalry ×4 · Knight ×3
Match map
Initial resources + every placement click. Lines = walls · curves = elevation contours. ◆ gold · ⬟ stone · ● berries · ✦ relic · ◌ wall gap
Your base· Open — 6t gap
MicroDA's base· Open — 4t gap
Smoothed initial terrain · ◌ = detected wall gap · hover for details
Inputs per minute
— DS_VarVa - - MicroDA
Build order — DS_VarVa
First 150 of 277 actions detected
| 0:00 | Queue | Villager (Male) |
| 0:00 | Queue | Villager (Male) |
| 0:01 | Queue | Villager (Male) |
| 0:01 | Queue | Villager (Male) |
| 0:02 | Build | House |
| 0:03 | Build | House |
| 1:15 | Queue | Villager (Male) |
| 1:54 | Queue | Villager (Male) |
| 2:16 | Queue | Villager (Male) |
| 2:44 | Queue | Villager (Male) |
| 2:46 | Build | Barracks |
| 3:11 | Queue | Villager (Male) |
| 3:18 | Build | House |
| 3:33 | Queue | Villager (Male) |
| 3:42 | Queue | Villager (Male) |
| 3:53 | Build | House |
| 4:05 | Queue | Villager (Male) |
| 4:24 | Queue | Militia |
| 4:40 | Queue | Militia |
| 4:45 | Build | House |
| 4:59 | Queue | Militia |
| 5:11 | Build | Lumber Camp |
| 5:14 | Build | Lumber Camp |
| 5:18 | Queue | Villager (Male) |
| 5:27 | Build | House |
| 5:40 | Queue | Militia |
| 5:47 | Queue | Villager (Male) |
| 6:02 | Queue | Villager (Male) |
| 6:03 | Build | Palisade Wall |
| 6:33 | Queue | Villager (Male) |
| 6:34 | Queue | Villager (Male) |
| 6:54 | Research | Loom |
| 6:58 | Queue | Villager (Male) |
| 7:15 | Queue | Villager (Male) |
| 7:16 | Queue | Villager (Male) |
| 7:28 | Queue | Villager (Male) |
| 7:29 | Queue | Villager (Male) |
| 7:30 | Build | Mill |
| 7:41 | Queue | Villager (Male) |
| 7:52 | Queue | Villager (Male) |
| 8:12 | Queue | Villager (Male) |
| 8:13 | Build | House |
| 8:27 | Build | House |
| 8:43 | Queue | Villager (Male) |
| 8:44 | Queue | Villager (Male) |
| 8:54 | Build | House |
| 8:56 | Build | Mining Camp |
| 9:08 | Research | Feudal Age |
| 9:08 | Research | Feudal Age |
| 9:34 | Build | House |
| 10:00 | Queue | Villager (Male) |
| 10:04 | Build | House |
| 10:05 | Build | Palisade Wall |
| 10:05 | Build | Palisade Wall |
| 10:06 | Build | Palisade Wall |
| 10:09 | Queue | Villager (Male) |
| 10:15 | Queue | Militia |
| 10:17 | Queue | Militia |
| 10:38 | Queue | Villager (Male) |
| 10:39 | Queue | Villager (Male) |
| 10:40 | Build | House |
| 10:49 | Build | Palisade Wall |
| 11:18 | Age | Feudal Age |
| 11:20 | Build | Archery Range |
| 11:21 | Research | Man-at-Arms (upgrade) |
| 11:22 | Research | Double-Bit Axe |
| 11:26 | Build | Archery Range |
| 11:31 | Queue | Villager (Male) |
| 11:36 | Build | Palisade Wall |
| 11:50 | Queue | Villager (Male) |
| 11:55 | Queue | Spearman |
| 12:10 | Queue | Skirmisher |
| 12:16 | Queue | Villager (Male) |
| 12:20 | Queue | Skirmisher |
| 12:21 | Queue | Villager (Male) |
| 12:32 | Queue | Skirmisher |
| 12:38 | Build | Farm |
| 12:42 | Queue | Skirmisher |
| 12:57 | Queue | Skirmisher |
| 12:58 | Queue | Villager (Male) |
| 13:03 | Build | Farm |
| 13:04 | Build | Farm |
| 13:21 | Queue | Villager (Male) |
| 13:28 | Queue | Villager (Male) |
| 13:30 | Build | Blacksmith |
| 13:30 | Queue | Villager (Male) |
| 13:36 | Queue | Skirmisher |
| 13:41 | Build | Farm |
| 13:47 | Queue | Skirmisher |
| 13:49 | Queue | Militia |
| 13:50 | Queue | Villager (Male) |
| 13:53 | Queue | Villager (Male) |
| 13:53 | Queue | Villager (Male) |
| 14:03 | Build | Farm |
| 14:12 | Queue | Villager (Male) |
| 14:14 | Build | Farm |
| 14:16 | Research | Fletching |
| 14:22 | Build | House |
| 14:23 | Queue | Villager (Male) |
| 14:27 | Queue | Militia |
| 14:35 | Build | Farm |
| 14:37 | Research | Padded Archer Armor |
| 14:37 | Research | Padded Archer Armor |
| 14:53 | Queue | Villager (Male) |
| 14:54 | Build | Farm |
| 15:07 | Queue | Skirmisher |
| 15:08 | Queue | Skirmisher |
| 15:09 | Queue | Villager (Male) |
| 15:19 | Queue | Villager (Male) |
| 15:20 | Build | Farm |
| 15:21 | Build | Farm |
| 15:26 | Build | Lumber Camp |
| 15:37 | Queue | Skirmisher |
| 15:38 | Queue | Villager (Male) |
| 15:48 | Queue | Skirmisher |
| 15:57 | Queue | Villager (Male) |
| 15:59 | Queue | Skirmisher |
| 16:02 | Queue | Villager (Male) |
| 16:03 | Build | House |
| 16:11 | Queue | Skirmisher |
| 16:12 | Queue | Villager (Male) |
| 16:13 | Queue | Villager (Male) |
| 16:29 | Queue | Villager (Male) |
| 16:30 | Queue | Villager (Male) |
| 16:34 | Build | Market |
| 16:38 | Queue | Skirmisher |
| 16:46 | Queue | Skirmisher |
| 16:50 | Build | House |
| 17:06 | Queue | Villager (Male) |
| 17:11 | Queue | Spearman |
| 17:14 | Build | Farm |
| 17:14 | Build | Farm |
| 17:15 | Build | Farm |
| 17:26 | Build | Farm |
| 17:26 | Build | Farm |
| 17:30 | Queue | Villager (Male) |
| 17:55 | Build | Farm |
| 17:55 | Build | Farm |
| 17:56 | Build | Farm |
| 17:57 | Queue | Villager (Male) |
| 18:15 | Queue | Villager (Male) |
| 18:34 | Queue | Villager (Male) |
| 19:06 | Queue | Villager (Male) |
| 20:32 | Queue | Villager (Male) |
| 20:33 | Research | Castle Age |
| 20:59 | Queue | Villager (Male) |
| 21:01 | Research | Horse Collar |
| 21:09 | Queue | Villager (Male) |
| 21:10 | Queue | Villager (Male) |
| 21:14 | Build | Farm |
Build order — MicroDA
First 150 of 291 actions detected
| 0:00 | Queue | Villager (Male) |
| 0:00 | Queue | Villager (Male) |
| 0:01 | Build | House |
| 0:02 | Build | House |
| 0:11 | Queue | Villager (Male) |
| 0:22 | Queue | Villager (Male) |
| 1:18 | Queue | Villager (Male) |
| 1:19 | Queue | Villager (Male) |
| 1:48 | Queue | Villager (Male) |
| 1:48 | Queue | Villager (Male) |
| 1:53 | Build | Lumber Camp |
| 2:03 | Queue | Villager (Male) |
| 2:33 | Queue | Villager (Male) |
| 2:51 | Queue | Villager (Male) |
| 2:51 | Queue | Villager (Male) |
| 3:42 | Queue | Villager (Male) |
| 3:42 | Queue | Villager (Male) |
| 3:48 | Build | House |
| 4:14 | Build | Palisade Wall |
| 4:19 | Build | Palisade Wall |
| 4:31 | Queue | Villager (Male) |
| 4:49 | Queue | Villager (Male) |
| 5:01 | Build | Palisade Wall |
| 5:22 | Queue | Villager (Male) |
| 5:22 | Queue | Villager (Male) |
| 5:39 | Research | Loom |
| 6:03 | Queue | Villager (Male) |
| 6:30 | Build | Palisade Wall |
| 6:39 | Queue | Villager (Male) |
| 6:40 | Build | Mining Camp |
| 6:52 | Build | Palisade Wall |
| 6:58 | Build | Palisade Wall |
| 7:06 | Build | Palisade Wall |
| 7:09 | Build | House |
| 7:15 | Build | Palisade Wall |
| 7:16 | Build | Palisade Wall |
| 7:19 | Build | Palisade Wall |
| 7:21 | Queue | Villager (Male) |
| 7:26 | Research | Feudal Age |
| 7:33 | Build | Palisade Wall |
| 7:45 | Build | Palisade Wall |
| 7:48 | Build | Palisade Wall |
| 7:50 | Build | Palisade Wall |
| 7:51 | Build | Palisade Wall |
| 7:53 | Build | Palisade Wall |
| 7:54 | Build | Palisade Wall |
| 7:55 | Build | Palisade Wall |
| 7:57 | Build | Palisade Wall |
| 8:01 | Build | Palisade Wall |
| 8:03 | Queue | Villager (Male) |
| 8:11 | Queue | Villager (Male) |
| 8:34 | Build | Palisade Wall |
| 8:36 | Build | Palisade Wall |
| 8:38 | Build | Palisade Wall |
| 8:57 | Queue | Villager (Male) |
| 9:06 | Build | Barracks |
| 9:14 | Build | Barracks |
| 9:36 | Age | Feudal Age |
| 9:49 | Build | Palisade Wall |
| 9:59 | Build | Archery Range |
| 10:00 | Queue | Villager (Male) |
| 10:06 | Queue | Villager (Male) |
| 10:10 | Queue | Villager (Male) |
| 10:26 | Queue | Archer |
| 10:48 | Build | House |
| 10:53 | Queue | Archer |
| 10:57 | Queue | Villager (Male) |
| 11:03 | Queue | Archer |
| 11:12 | Queue | Archer |
| 11:14 | Build | House |
| 11:20 | Queue | Archer |
| 11:24 | Queue | Villager (Male) |
| 11:27 | Queue | Archer |
| 11:40 | Queue | Villager (Male) |
| 11:43 | Research | Double-Bit Axe |
| 11:57 | Build | Palisade Wall |
| 12:05 | Queue | Villager (Male) |
| 12:13 | Queue | Archer |
| 12:20 | Build | Mill |
| 12:36 | Queue | Archer |
| 12:37 | Queue | Villager (Male) |
| 12:43 | Queue | Archer |
| 12:57 | Queue | Villager (Male) |
| 13:01 | Build | House |
| 13:04 | Queue | Archer |
| 13:12 | Queue | Archer |
| 13:21 | Build | Farm |
| 13:25 | Queue | Archer |
| 13:31 | Queue | Villager (Male) |
| 13:31 | Queue | Villager (Male) |
| 13:31 | Queue | Villager (Male) |
| 13:33 | Build | Farm |
| 13:34 | Build | Farm |
| 13:46 | Build | House |
| 13:48 | Queue | Archer |
| 14:00 | Queue | Villager (Male) |
| 14:06 | Queue | Archer |
| 14:08 | Queue | Villager (Male) |
| 14:14 | Build | Blacksmith |
| 14:20 | Queue | Archer |
| 14:24 | Queue | Archer |
| 14:27 | Build | House |
| 14:29 | Queue | Villager (Male) |
| 14:35 | Queue | Archer |
| 14:41 | Build | House |
| 14:45 | Queue | Archer |
| 14:49 | Build | Farm |
| 14:50 | Build | Farm |
| 15:01 | Queue | Archer |
| 15:14 | Research | Fletching |
| 15:15 | Queue | Archer |
| 15:16 | Queue | Archer |
| 15:16 | Queue | Archer |
| 15:24 | Queue | Archer |
| 15:24 | Queue | Archer |
| 15:30 | Build | Palisade Wall |
| 15:35 | Queue | Villager (Male) |
| 15:39 | Queue | Archer |
| 15:45 | Build | House |
| 15:58 | Build | Palisade Wall |
| 16:01 | Build | House |
| 16:08 | Queue | Villager (Male) |
| 16:11 | Build | Palisade Wall |
| 16:12 | Queue | Villager (Male) |
| 16:12 | Queue | Villager (Male) |
| 16:21 | Queue | Villager (Male) |
| 16:21 | Queue | Villager (Male) |
| 16:22 | Build | Farm |
| 16:23 | Build | Farm |
| 16:42 | Queue | Archer |
| 16:42 | Queue | Archer |
| 16:49 | Build | Market |
| 16:58 | Queue | Villager (Male) |
| 17:00 | Queue | Archer |
| 17:02 | Queue | Archer |
| 17:09 | Build | Lumber Camp |
| 17:21 | Queue | Villager (Male) |
| 17:28 | Queue | Archer |
| 17:41 | Queue | Archer |
| 17:47 | Queue | Archer |
| 17:51 | Build | Farm |
| 17:51 | Build | Farm |
| 18:10 | Build | Farm |
| 18:27 | Queue | Villager (Male) |
| 18:32 | Build | Palisade Wall |
| 19:04 | Research | Castle Age |
| 19:05 | Research | Castle Age |
| 19:30 | Build | Farm |
| 19:45 | Queue | Archer |
| 19:46 | Queue | Archer |
Match timeline
| 2:46 | DS_VarVa · first_building Barracks |
| 4:14 | MicroDA · wall_segment Palisade Wall x4 |
| 4:19 | MicroDA · wall_segment Palisade Wall x5 |
| 5:01 | MicroDA · wall_segment Palisade Wall x6 |
| 6:03 | DS_VarVa · wall_segment Palisade Wall x1 |
| 6:30 | MicroDA · wall_segment Palisade Wall x8 |
| 6:52 | MicroDA · wall_segment Palisade Wall x11 |
| 6:58 | MicroDA · wall_segment Palisade Wall x5 |
| 7:06 | MicroDA · wall_segment Palisade Wall x1 |
| 7:15 | MicroDA · wall_segment Palisade Wall x1 |
| 7:16 | MicroDA · wall_segment Palisade Wall x1 |
| 7:19 | MicroDA · wall_segment Palisade Wall x1 |
| 7:33 | MicroDA · wall_segment Palisade Wall x1 |
| 7:45 | MicroDA · wall_segment Palisade Wall x1 |
| 7:48 | MicroDA · wall_segment Palisade Wall x1 |
| 7:50 | MicroDA · wall_segment Palisade Wall x1 |
| 7:51 | MicroDA · wall_segment Palisade Wall x1 |
| 7:53 | MicroDA · wall_segment Palisade Wall x1 |
| 7:54 | MicroDA · wall_segment Palisade Wall x1 |
| 7:55 | MicroDA · wall_segment Palisade Wall x1 |
| 7:57 | MicroDA · wall_segment Palisade Wall x1 |
| 8:01 | MicroDA · wall_segment Palisade Wall x1 |
| 8:34 | MicroDA · wall_segment Palisade Wall x1 |
| 8:36 | MicroDA · wall_segment Palisade Wall x1 |
| 8:38 | MicroDA · wall_segment Palisade Wall x1 |
| 9:06 | MicroDA · first_building Barracks |
| 9:36 | MicroDA · age_up feudal |
| 9:49 | MicroDA · wall_segment Palisade Wall x1 |
| 9:59 | MicroDA · first_building Archery Range |
| 10:05 | DS_VarVa · wall_segment Palisade Wall x1 |
| 10:05 | DS_VarVa · wall_segment Palisade Wall x1 |
| 10:06 | DS_VarVa · wall_segment Palisade Wall x1 |
| 10:49 | DS_VarVa · wall_segment Palisade Wall x7 |
| 11:18 | DS_VarVa · age_up feudal |
| 11:20 | DS_VarVa · first_building Archery Range |
| 11:36 | DS_VarVa · wall_segment Palisade Wall x9 |
| 11:57 | MicroDA · wall_segment Palisade Wall x1 |
| 15:30 | MicroDA · wall_segment Palisade Wall x1 |
| 15:58 | MicroDA · wall_segment Palisade Wall x1 |
| 16:11 | MicroDA · wall_segment Palisade Wall x1 |
| 17:31 | DS_VarVa · first_market_sell 100 stone |
| 18:03 | MicroDA · first_market_sell 100 stone |
| 18:06 | MicroDA · first_market_buy 100 food |
| 18:32 | MicroDA · wall_segment Palisade Wall x1 |
| 19:53 | DS_VarVa · first_market_buy 100 food |
| 19:56 | MicroDA · first_building Stable |
| 20:40 | MicroDA · wall_segment Palisade Wall x1 |
| 20:42 | MicroDA · wall_segment Palisade Wall x1 |
| 21:44 | MicroDA · age_up castle |
| 22:50 | MicroDA · first_building Siege Workshop |
| 23:15 | DS_VarVa · age_up castle |
| 23:26 | DS_VarVa · first_building Monastery |
| 24:46 | DS_VarVa · first_building Siege Workshop |
| 32:10 | MicroDA · resign |
[ AI ANALYSIS · 1 CREDIT ]
What really happened in this match?
Wolo.gg analyzes every decision: build order, eco, micro, common mistakes by bracket. Personalized analysis on WhatsApp or Discord in 30 seconds.
Civ guide
Goths
Perfil
Jugador #4129359